[ PARTIDA AOE2 · #507293949 ]
UnrankedGurjaras vs Spanish
Equipo del jugador · VICT
Equipo rival · DERR
[ ANÁLISIS DE REPETICIÓN · EXTRAÍDO DE LA PARTIDA GRABADA ]
Feudal
8:28
Castillos
20:17
Imperial
—
| APM promedio | 61.6 |
| APM pico | 81 |
| eAPM promedio | 30.0 |
| Aldeanos / militares | 63 / 35 |
Foco
⚔️ 55.4% · 🌾 44.6%
Archer ×23 · Scout Cavalry ×6 · Mangonel ×3 · Camel Scout ×2 · Spearman ×1
Feudal
8:50
Castillos
22:57
Imperial
—
| APM promedio | 100.7 |
| APM pico | 134 |
| eAPM promedio | 41.5 |
| Aldeanos / militares | 69 / 29 |
Foco
⚔️ 53.5% · 🌾 46.5%
Skirmisher ×20 · Militia ×4 · Spearman ×4 · Archer ×1
Mapa de la partida
Recursos iniciales + cada clic de construcción. Líneas = muros · curvas = relieve. ◆ oro · ⬟ piedra · ● bayas · ✦ reliquia · ◌ hueco del cierre
Tu base· Abierta — flanco sin cerrar
Base de carbine· Abierta — hueco de 4t
Terreno inicial suavizado · ◌ = hueco del cierre detectado · pasá el cursor para detalles
Inputs por minuto
— CNZS_Daniel - - carbine
Build order — CNZS_Daniel
Primeras 150 de 166 acciones detectadas
| 0:00 | Encolar | Villager (Male) |
| 0:01 | Encolar | Villager (Male) |
| 0:02 | Construir | House |
| 0:02 | Construir | House |
| 0:04 | Encolar | Villager (Male) |
| 0:04 | Encolar | Villager (Male) |
| 0:19 | Construir | Mill |
| 1:28 | Encolar | Villager (Male) |
| 1:53 | Encolar | Villager (Male) |
| 2:24 | Encolar | Villager (Male) |
| 2:24 | Encolar | Villager (Male) |
| 2:47 | Encolar | Villager (Male) |
| 2:48 | Encolar | Villager (Male) |
| 2:56 | Encolar | Villager (Male) |
| 2:56 | Encolar | Villager (Male) |
| 3:14 | Encolar | Villager (Male) |
| 3:14 | Encolar | Villager (Male) |
| 3:52 | Construir | House |
| 3:55 | Encolar | Villager (Male) |
| 3:55 | Encolar | Villager (Male) |
| 4:20 | Encolar | Villager (Male) |
| 4:20 | Encolar | Villager (Male) |
| 4:20 | Encolar | Villager (Male) |
| 4:21 | Encolar | Villager (Male) |
| 5:19 | Construir | Lumber Camp |
| 6:12 | Investigar | Feudal Age |
| 6:20 | Investigar | Loom |
| 6:43 | Encolar | Villager (Male) |
| 7:09 | Construir | House |
| 7:31 | Construir | Barracks |
| 7:36 | Encolar | Villager (Male) |
| 7:40 | Encolar | Villager (Male) |
| 8:24 | Construir | Mining Camp |
| 8:28 | Edad | Edad Feudal |
| 8:30 | Construir | Archery Range |
| 8:43 | Investigar | Double-Bit Axe |
| 8:43 | Investigar | Double-Bit Axe |
| 9:00 | Construir | House |
| 9:01 | Construir | Palisade Wall |
| 9:02 | Construir | Palisade Wall |
| 9:02 | Encolar | Spearman |
| 9:08 | Encolar | Villager (Male) |
| 9:19 | Encolar | Villager (Male) |
| 9:25 | Encolar | Archer |
| 9:29 | Construir | House |
| 9:33 | Encolar | Villager (Male) |
| 9:36 | Encolar | Archer |
| 9:49 | Construir | Farm |
| 9:50 | Encolar | Villager (Male) |
| 9:50 | Encolar | Villager (Male) |
| 10:02 | Encolar | Archer |
| 10:06 | Construir | Palisade Wall |
| 10:10 | Construir | House |
| 10:19 | Construir | Palisade Wall |
| 10:27 | Construir | Palisade Wall |
| 10:29 | Encolar | Villager (Male) |
| 10:32 | Construir | Farm |
| 10:33 | Encolar | Archer |
| 10:43 | Construir | House |
| 10:54 | Construir | Farm |
| 11:08 | Encolar | Villager (Male) |
| 11:08 | Encolar | Villager (Male) |
| 11:13 | Encolar | Archer |
| 11:16 | Encolar | Villager (Male) |
| 11:28 | Encolar | Archer |
| 11:44 | Encolar | Villager (Male) |
| 11:44 | Encolar | Villager (Male) |
| 11:48 | Encolar | Archer |
| 11:51 | Construir | House |
| 12:00 | Construir | Stable |
| 12:02 | Encolar | Archer |
| 12:34 | Encolar | Villager (Male) |
| 12:36 | Construir | Farm |
| 12:45 | Encolar | Scout Cavalry |
| 12:45 | Encolar | Scout Cavalry |
| 12:45 | Encolar | Scout Cavalry |
| 13:07 | Construir | House |
| 13:17 | Construir | House |
| 13:18 | Construir | Farm |
| 13:32 | Encolar | Scout Cavalry |
| 13:36 | Encolar | Villager (Male) |
| 13:49 | Encolar | Villager (Male) |
| 13:49 | Encolar | Villager (Male) |
| 13:50 | Encolar | Archer |
| 13:53 | Encolar | Villager (Male) |
| 13:53 | Encolar | Villager (Male) |
| 14:04 | Encolar | Villager (Male) |
| 14:04 | Encolar | Villager (Male) |
| 14:20 | Encolar | Villager (Male) |
| 14:21 | Encolar | Villager (Male) |
| 14:25 | Construir | Blacksmith |
| 14:35 | Construir | Farm |
| 14:39 | Encolar | Archer |
| 14:46 | Encolar | Villager (Male) |
| 14:48 | Construir | House |
| 14:54 | Encolar | Archer |
| 15:04 | Construir | House |
| 15:16 | Investigar | Fletching |
| 15:16 | Investigar | Fletching |
| 15:20 | Construir | House |
| 15:23 | Encolar | Villager (Male) |
| 15:26 | Construir | Farm |
| 15:30 | Encolar | Villager (Male) |
| 15:39 | Encolar | Archer |
| 15:44 | Encolar | Villager (Male) |
| 16:17 | Construir | Market |
| 16:23 | Encolar | Archer |
| 16:24 | Encolar | Villager (Male) |
| 16:55 | Encolar | Archer |
| 17:00 | Construir | Farm |
| 17:02 | Construir | Farm |
| 17:32 | Construir | Farm |
| 17:33 | Investigar | Castle Age |
| 17:38 | Encolar | Archer |
| 17:51 | Encolar | Scout Cavalry |
| 17:51 | Encolar | Scout Cavalry |
| 18:21 | Encolar | Archer |
| 18:22 | Investigar | Gold Mining |
| 18:22 | Investigar | Gold Mining |
| 18:23 | Investigar | Horse Collar |
| 18:26 | Construir | Farm |
| 18:29 | Construir | Farm |
| 18:40 | Encolar | Archer |
| 18:51 | Encolar | Villager (Male) |
| 18:57 | Construir | Farm |
| 19:00 | Construir | House |
| 19:04 | Construir | House |
| 19:09 | Encolar | Archer |
| 19:14 | Construir | House |
| 19:32 | Encolar | Archer |
| 19:43 | Construir | Farm |
| 19:51 | Construir | Farm |
| 20:17 | Edad | Edad de los Castillos |
| 20:19 | Construir | Siege Workshop |
| 20:21 | Investigar | Crossbowman (upgrade) |
| 20:22 | Investigar | Bodkin Arrow |
| 20:22 | Investigar | Bodkin Arrow |
| 20:27 | Construir | House |
| 20:31 | Encolar | Villager (Male) |
| 20:47 | Investigar | Bow Saw |
| 20:49 | Encolar | Villager (Male) |
| 21:04 | Encolar | Mangonel |
| 21:31 | Encolar | Villager (Male) |
| 21:31 | Encolar | Mangonel |
| 21:34 | Encolar | Archer |
| 21:35 | Encolar | Camel Scout |
| 21:39 | Encolar | Villager (Male) |
| 21:39 | Encolar | Villager (Male) |
| 21:40 | Encolar | Villager (Male) |
| 21:58 | Encolar | Villager (Male) |
Build order — carbine
Primeras 150 de 182 acciones detectadas
| 0:00 | Encolar | Villager (Male) |
| 0:00 | Encolar | Villager (Male) |
| 0:00 | Encolar | Villager (Male) |
| 0:00 | Encolar | Villager (Male) |
| 0:01 | Encolar | Villager (Male) |
| 0:01 | Construir | House |
| 0:02 | Construir | House |
| 1:12 | Encolar | Villager (Male) |
| 1:36 | Encolar | Villager (Male) |
| 2:00 | Encolar | Villager (Male) |
| 2:37 | Construir | Lumber Camp |
| 2:39 | Encolar | Villager (Male) |
| 2:46 | Encolar | Villager (Male) |
| 3:05 | Encolar | Villager (Male) |
| 3:14 | Encolar | Villager (Male) |
| 3:35 | Encolar | Villager (Male) |
| 3:55 | Construir | House |
| 3:58 | Encolar | Villager (Male) |
| 4:23 | Encolar | Villager (Male) |
| 4:29 | Encolar | Villager (Male) |
| 5:36 | Construir | Barracks |
| 5:46 | Encolar | Villager (Male) |
| 5:47 | Encolar | Villager (Male) |
| 5:47 | Encolar | Villager (Male) |
| 5:59 | Construir | House |
| 6:08 | Investigar | Loom |
| 6:26 | Construir | Palisade Wall |
| 6:29 | Investigar | Feudal Age |
| 6:49 | Encolar | Militia |
| 6:57 | Encolar | Militia |
| 7:18 | Encolar | Militia |
| 7:30 | Construir | Mill |
| 7:43 | Encolar | Militia |
| 7:48 | Encolar | Villager (Male) |
| 8:13 | Encolar | Villager (Male) |
| 8:23 | Encolar | Villager (Male) |
| 8:28 | Encolar | Villager (Male) |
| 8:42 | Encolar | Villager (Male) |
| 8:50 | Edad | Edad Feudal |
| 8:51 | Investigar | Man-at-Arms (upgrade) |
| 9:06 | Construir | Archery Range |
| 9:06 | Encolar | Villager (Male) |
| 9:13 | Encolar | Villager (Male) |
| 9:29 | Construir | House |
| 9:35 | Encolar | Villager (Male) |
| 9:40 | Encolar | Villager (Male) |
| 9:44 | Encolar | Villager (Male) |
| 9:54 | Encolar | Skirmisher |
| 9:54 | Encolar | Skirmisher |
| 10:02 | Investigar | Double-Bit Axe |
| 10:15 | Encolar | Villager (Male) |
| 10:21 | Encolar | Skirmisher |
| 10:39 | Encolar | Villager (Male) |
| 10:40 | Encolar | Skirmisher |
| 10:51 | Encolar | Skirmisher |
| 10:55 | Encolar | Villager (Male) |
| 10:58 | Construir | House |
| 11:12 | Construir | House |
| 11:22 | Construir | Farm |
| 11:22 | Construir | Farm |
| 11:22 | Construir | Farm |
| 11:23 | Construir | Farm |
| 11:28 | Construir | Farm |
| 11:38 | Construir | House |
| 11:39 | Construir | Palisade Wall |
| 11:43 | Encolar | Villager (Male) |
| 11:59 | Construir | Farm |
| 12:00 | Construir | Farm |
| 12:00 | Construir | Farm |
| 12:00 | Construir | Farm |
| 12:09 | Construir | Farm |
| 12:22 | Encolar | Villager (Male) |
| 12:24 | Construir | Farm |
| 12:28 | Construir | Farm |
| 12:37 | Construir | Farm |
| 12:49 | Encolar | Villager (Male) |
| 12:54 | Encolar | Villager (Male) |
| 13:13 | Encolar | Villager (Male) |
| 13:14 | Construir | Farm |
| 13:14 | Construir | Farm |
| 13:30 | Encolar | Skirmisher |
| 13:33 | Encolar | Villager (Male) |
| 13:34 | Encolar | Skirmisher |
| 13:43 | Construir | Lumber Camp |
| 13:51 | Encolar | Spearman |
| 13:52 | Encolar | Villager (Male) |
| 13:55 | Encolar | Villager (Male) |
| 13:59 | Encolar | Archer |
| 14:02 | Encolar | Villager (Male) |
| 14:17 | Encolar | Villager (Male) |
| 14:19 | Encolar | Spearman |
| 14:24 | Construir | House |
| 14:25 | Encolar | Villager (Male) |
| 14:26 | Construir | House |
| 14:28 | Encolar | Villager (Male) |
| 14:36 | Construir | House |
| 14:43 | Construir | House |
| 14:45 | Construir | Palisade Wall |
| 14:46 | Encolar | Villager (Male) |
| 14:48 | Encolar | Villager (Male) |
| 14:58 | Construir | Mining Camp |
| 15:01 | Encolar | Villager (Male) |
| 15:02 | Encolar | Skirmisher |
| 15:16 | Encolar | Skirmisher |
| 15:19 | Construir | Watch Tower |
| 15:23 | Construir | House |
| 15:26 | Encolar | Villager (Male) |
| 15:31 | Construir | House |
| 15:44 | Encolar | Villager (Male) |
| 15:45 | Encolar | Villager (Male) |
| 15:51 | Encolar | Villager (Male) |
| 15:56 | Encolar | Skirmisher |
| 16:05 | Construir | Farm |
| 16:05 | Construir | Farm |
| 16:17 | Encolar | Skirmisher |
| 16:43 | Encolar | Villager (Male) |
| 16:45 | Encolar | Skirmisher |
| 16:55 | Encolar | Villager (Male) |
| 16:57 | Construir | Mining Camp |
| 17:01 | Encolar | Skirmisher |
| 17:09 | Construir | Blacksmith |
| 17:12 | Construir | House |
| 17:14 | Encolar | Skirmisher |
| 17:24 | Encolar | Villager (Male) |
| 17:26 | Construir | Farm |
| 17:38 | Encolar | Skirmisher |
| 17:40 | Construir | Palisade Wall |
| 17:45 | Encolar | Villager (Male) |
| 17:46 | Construir | Farm |
| 17:46 | Encolar | Spearman |
| 17:50 | Encolar | Villager (Male) |
| 17:51 | Construir | Farm |
| 17:52 | Encolar | Villager (Male) |
| 17:54 | Encolar | Skirmisher |
| 17:58 | Encolar | Villager (Male) |
| 18:10 | Construir | Farm |
| 18:11 | Construir | Farm |
| 18:15 | Encolar | Skirmisher |
| 18:22 | Encolar | Villager (Male) |
| 18:40 | Construir | Farm |
| 18:40 | Construir | Farm |
| 18:44 | Encolar | Villager (Male) |
| 18:51 | Construir | Farm |
| 19:00 | Construir | House |
| 19:01 | Construir | House |
| 19:03 | Encolar | Villager (Male) |
| 19:05 | Construir | House |
| 19:06 | Construir | Palisade Wall |
| 19:07 | Construir | House |
| 19:10 | Encolar | Villager (Male) |
Cronología de la partida
| 5:36 | carbine · first_building Barracks |
| 6:26 | carbine · wall_segment Palisade Wall x1 |
| 7:31 | CNZS_Daniel · first_building Barracks |
| 8:28 | CNZS_Daniel · age_up feudal |
| 8:30 | CNZS_Daniel · first_building Archery Range |
| 8:50 | carbine · age_up feudal |
| 9:01 | CNZS_Daniel · wall_segment Palisade Wall x1 |
| 9:02 | CNZS_Daniel · wall_segment Palisade Wall x1 |
| 9:06 | carbine · first_building Archery Range |
| 10:06 | CNZS_Daniel · wall_segment Palisade Wall x1 |
| 10:19 | CNZS_Daniel · wall_segment Palisade Wall x1 |
| 10:27 | CNZS_Daniel · wall_segment Palisade Wall x1 |
| 11:39 | carbine · wall_segment Palisade Wall x10 |
| 12:00 | CNZS_Daniel · first_building Stable |
| 14:45 | carbine · wall_segment Palisade Wall x1 |
| 17:24 | CNZS_Daniel · first_market_sell 500 stone |
| 17:25 | CNZS_Daniel · first_market_buy 100 food |
| 17:40 | carbine · wall_segment Palisade Wall x1 |
| 19:06 | carbine · wall_segment Palisade Wall x2 |
| 20:01 | carbine · wall_segment Palisade Wall x9 |
| 20:17 | CNZS_Daniel · age_up castle |
| 20:19 | CNZS_Daniel · first_building Siege Workshop |
| 22:39 | CNZS_Daniel · first_building Monastery |
| 22:57 | carbine · age_up castle |
| 23:04 | carbine · resign |
[ ANÁLISIS IA · 1 CRÉDITO ]
¿Qué pasó realmente en esta partida?
Wolo.gg analiza cada decisión: build order, eco, micro, errores típicos por bracket. Análisis personalizado por WhatsApp o Discord en 30 segundos.
Guía civ
Gurjaras
Perfil
Jugador #265517